 Dungeon Crawl Stone Soup version 0.31-a0-1388-g4b2ba238e7 (webtiles) character file.

Game seed: 746815156250299519

25 McSplat the Trooper (level 3, 0/37 HPs)
             Began as an Oni Gladiator on Dec 24, 2023.
             Succumbed to a goblin's poison
             ... on level 2 of the Dungeon.
             The game lasted 00:03:11 (1038 turns).

McSplat the Trooper (Oni Gladiator)                 Turns: 1038, Time: 00:03:12

Health: 0/37       AC:  3    Str: 20    XL:     3   Next: 4%
Magic:  3/3        EV: 10    Int:  9    God:
Gold:   71         SH:  0    Dex: 10    Spells: 2/2 levels left

rFire   . . .        a - +0 flail
rCold   . . .        (no shield)
rNeg    . . .        g - +0 robe
rPois   .            c - +0 hat
rElec   .            (no cloak)
rCorr   .            (gloves unavailable)
SInv    +            (boots unavailable)
Will    .....        (no amulet)
Stlth   +            (no ring)
HPRegen 0.26/turn    (no ring)
MPRegen 0.08/turn

%: no passive effects
@: brilliant, lethally poisoned (0 -> -12)
A: large, unfitting armour, horns 1, tough skin 1, double potion healing,
drunken brawling
a: no special abilities


You were on level 2 of the Dungeon.
You visited 1 branch of the dungeon, and saw 2 of its levels.

You collected 71 gold pieces.

Inventory:

Hand Weapons
 a - a +0 flail (weapon)
 b - a +1 dagger of venom
Missiles
 d - 3 throwing nets (quivered)
 e - 6 large rocks
Armour
 c - a +0 hat (worn)
 g - a +0 robe (worn)
Jewellery
 l - a ring of fire
Scrolls
 h - a scroll of fog {unknown}
 i - 2 scrolls of enchant armour {unknown}
 k - 2 scrolls of identify {unknown}
 m - a scroll of amnesia {unknown}


   Skills:
 + Level 3.4 Fighting
 + Level 3.3 Maces & Flails
 - Level 2.2 Throwing
 - Level 2.9 Dodging


You had 2 spell levels left.
You didn't know any spells.
Your spell library was empty.

Dungeon Overview and Level Annotations

Branches:
Dungeon (2/15)

Altars:

Shops:
D:1 *:?


Innate Abilities, Weirdness & Mutations

You are too large for most types of armour.
You have a pair of small horns on your head.
You have tough skin. (AC +1)
You gain doubled healing and magic from potions.
Whenever you drink a healing potion, you attack all around you.


Message History

A goblin comes into view. It is wielding a +0 club.
The goblin shouts! x2; You hear a shout!
The goblin misses you.
You hit the hobgoblin but do no damage. You headbutt the hobgoblin.
The hobgoblin is severely wounded.
The goblin hits you with a +1 dagger of venom.
You are poisoned.
The hobgoblin hits you. The goblin hits you with a +0 club.
You closely miss the hobgoblin.
The hobgoblin is severely wounded.
You feel very sick. The goblin closely misses you.
The hobgoblin closely misses you. The goblin hits you with a +0 club.
The goblin closely misses you. The hobgoblin misses you.
The goblin hits you but does no damage. The goblin barely misses you.
It was a potion of brilliance.
You feel clever all of a sudden.
You feel sick. The goblin closely misses you.
The goblin hits you with a +1 dagger of venom.
You are more poisoned.
The hobgoblin closely misses you. The goblin hits you with a +0 club.
The goblin hits you but does no damage.
You feel very sick. The goblin attacks as it pursues you!
The goblin hits you but does no damage. The hobgoblin barely misses you.
* * * LOW HITPOINT WARNING * * *
You feel very sick. The goblin attacks as it pursues you!
The goblin hits you but does no damage.
You are lethally poisoned!
* * * LOW HITPOINT WARNING * * *
You feel very sick.
There is a large open door here.
* * * LOW HITPOINT WARNING * * *
You feel very sick.
There is a large open door here.
You aren't carrying any potions.
Unknown command.
As you read the scroll labelled ALYEVVOEQE, it crumbles to dust.
You feel aware of your surroundings.
It was a scroll of revelation.
You die...

..........# *
..........############## *
..........############## *
..........################## ****
>.........########.........# *,,,
+#...#############.........# *,,,
...#...###########.........# *,,,
...'......##....##gg.......#**,,,
...###..........@ggg.....?.',,***
...# ####.......##gg.......#,**,,
...# ###.....##.........#,*,,,
...# ##.######.........#,*,,,
..)## ##.################,*,,,
##).### ##.############ *,**,,
##...#####.############ **,***
###...###.############ **..*
###..##.# #.#*


You could see a hobgoblin and 6 goblins.

Vanquished Creatures
  4 bats (D:1)
  3 endoplasms (D:1)
  A giant cockroach (D:1)
  2 goblins (D:2)
  4 hobgoblins (D:1)
  2 quokkas (D:1)
  A frilled lizard (D:1)
  2 kobolds (D:1)
  3 rats (D:1)
22 creatures vanquished.

Notes
Turn   | Place    | Note
-------+----------+-------------------------------------------
     0 | D:1      | McSplat the Oni Gladiator began the quest for the Orb.
     0 | D:1      | Reached XP level 1. HP: 22/22 MP: 1/1
   134 | D:1      | Found a faded altar of an unknown god.
   148 | D:1      | Found Qiekugy's Magic Scroll Emporium.
   195 | D:1      | Reached XP level 2. HP: 29/29 MP: 2/2
   343 | D:1      | Found Neot's Book Shoppe.
   701 | D:1      | Found Inoipt's Assorted Antiques.
   964 | D:2      | Reached XP level 3. HP: 32/37 MP: 3/3
  1038 | D:2      | Succumbed to a goblin's poison

Illustrated notes

Levels and vault maps discovered:
D:1:      minmay_arrival_up_and_down, layout_loops_ring, serial_shops, shop,
          shop, shop, chequers_ecumenical_altar_simple
D:2:      layout_basic, kennysheep_big_empty_room, minmay_joined_circles,
          uniq_robin

Skill      XL: |  1  2 |
---------------+-------+-----
Fighting       | 3 |  3.4
Maces & Flails | |  3.3
Throwing       | |  2.2
Dodging        | |  2.9

Action                     || total
---------------------------++-------
  Melee: Flail             ||    52
         Headbutt          ||     8
         Punch             ||     1
         Dagger            ||     9
    Use: Scroll            ||     1
         Potion            ||     1
   Stab: Sleeping          ||     1
 Armour: Robe              ||    48
  Dodge: Dodged            ||    32

Table legend: (Time is in decaauts)
 A = Elapsed time spent in this place.
 B = Non-inter-level travel time spent in this place.
 C = Inter-level travel time spent in this place.
 D = Time resting spent in this place.
 E = Time spent auto-exploring this place.
 F = Levels seen in this place.
 G = Mean time per level.
                   A        B        C        D        E       F      G
               +--------+--------+--------+--------+--------+-----+--------+
         Total |   1048 |    998 |     50 |     53 |    760 |   2 |  524.0 |
       Dungeon |   1048 |    998 |     50 |     53 |    760 |   2 |  524.0 |
               +--------+--------+--------+--------+--------+-----+--------+

Top non-repeatable levels by time:
     D:1: 865 daAuts
     D:2: 182 daAuts
